[Event "Titled Tuesday Blitz January 17 Late 2023"]
[White "Bambino Filho, Antonio Carlos"]
[Black "Prado Lobo, Jonas"]
[WhiteFideId "2113163"]
[BlackFideId "32050666"]
[WhiteElo "2144"]
[BlackElo "2313"]
[Result "0-1"]
[Round "11"]
[TimeControl "180+2"]
[Date "2023.01.17"]
[WhiteClock "0:02:11"]
[BlackClock "0:02:34"]

1. e4 e5 2. Nf3 Nf6 3. Nc3 Nc6 4. Be2 d5 5. exd5 Nxd5 6. O-O Nxc3 7. bxc3 e4 8. Ne1 Bd6 9. d3 O-O 10. dxe4 Re8 11. Bd3 Rxe4 12. Bxe4 Bxh2+ 13. Kxh2 Qxd1 14. Bd3 Qh5+ 15. Kg1 Bf5 16. Nf3 Rd8 17. Bf4 Bxd3 18. cxd3 Rxd3 19. Rfe1 h6 20. Bxc7 Rxc3 0-1


[Site "https://www.chess.com"]

[Event "Titled Tuesday Blitz January 17 Late 2023"]
[White "Mazurkiewicz, Michal"]
[Black "Yurovskykh, Oleksandr"]
[WhiteFideId "1124943"]
[BlackFideId "14134020"]
[WhiteElo "2145"]
[BlackElo "2328"]
[Result "0-1"]
[Round "11"]
[TimeControl "180+2"]
[Date "2023.01.17"]
[WhiteClock "0:00:03"]
[BlackClock "0:00:55"]

1. e4 g6 2. d4 Bg7 3. Nc3 d6 4. f4 a6 5. Nf3 b5 6. Be2 Bb7 7. a3 Nd7 8. O-O c5 9. Be3 cxd4 10. Bxd4 Bxd4+ 11. Qxd4 Qb6 12. Rad1 Ngf6 13. e5 Ng4 14. exd6 Qxd4+ 15. Rxd4 Ne3 16. Rc1 Nf5 17. Rd2 Nxd6 18. Nd5 Bxd5 19. Rxd5 Rc8 20. c3 Nb6 21. Rd4 Nbc4 22. Rc2 O-O 23. Ne5 Nf5 24. Re4 Ncd6 25. Rb4 a5 26. Rxb5 Nxb5 27. Bxb5 Rfd8 28. Kf2 Nd6 29. Be2 f6 30. Nf3 a4 31. g4 Rb8 32. c4 Ne4+ 33. Ke3 Nc5 0-1


[Site "https://www.chess.com"]

[Event "Titled Tuesday Blitz January 17 Late 2023"]
[White "Hirneise, Jens"]
[Black "Van Dael, Siem"]
[WhiteFideId "24614734"]
[BlackFideId "1049771"]
[WhiteElo "2277"]
[BlackElo "2319"]
[Result "0-1"]
[Round "11"]
[TimeControl "180+2"]
[Date "2023.01.17"]
[WhiteClock "0:00:05"]
[BlackClock "0:00:09"]

1. d4 Nf6 2. Nc3 d5 3. Nf3 Bf5 4. g3 e6 5. Bg2 Bb4 6. O-O O-O 7. Nh4 Bxc3 8. Nxf5 exf5 9. bxc3 Re8 10. a4 a5 11. c4 Nc6 12. cxd5 Nxd5 13. c4 Nc3 14. Qb3 Nxe2+ 15. Kh1 Nexd4 16. Qc3 Qe7 17. Be3 Rad8 18. Rab1 b6 19. c5 Qxc5 20. Qxc5 bxc5 21. Rfc1 Re5 22. Bf4 Re2 23. Rxc5 Nb4 24. Bxc7 Rc8 25. Rxa5 Nd3 26. Rd5 Nxf2+ 27. Kg1 Nc2 28. Bf1 Ree8 29. Bb5 Nh3+ 30. Kh1 Nf2+ 31. Kg2 Ne3+ 32. Kxf2 Nxd5 33. Bxe8 Rxe8 34. Bb8 Nc3 35. Rb4 Nxa4 36. Be5 Nc5 37. Kg2 Nd3 38. Rb8 Rxb8 39. Bxb8 g5 40. Kf3 Kg7 41. Ke3 Nc5 42. Kd4 Nd7 43. Bc7 Kg6 44. Ke3 Nf6 45. Kf3 Nd5 46. Be5 h6 47. Ke2 h5 48. Bd4 f4 49. Kf3 Kf5 50. gxf4 Nxf4 51. Be3 Ng6 52. Bf2 Ne5+ 53. Kg3 h4+ 54. Kg2 Kg4 55. h3+ Kf4 56. Be1 Nc4 57. Bb4 f5 58. Bc5 g4 59. hxg4 fxg4 60. Bf2 Ne3+ 61. Kg1 g3 62. Be1 Kf3 63. Bb4 h3 64. Bd6 Nf5 65. Be5 Nh6 66. Bc7 Ng4 67. Bd6 h2+ 68. Kh1 Nf2# 0-1


[Site "https://www.chess.com"]

[Event "Titled Tuesday Blitz January 17 Late 2023"]
[White "Medeiros,Thauane Ferreira"]
[Black "Berezin, Viktor"]
[WhiteFideId "2134470"]
[BlackFideId "14107872"]
[WhiteElo "1854"]
[BlackElo "2307"]
[Result "0-1"]
[Round "11"]
[TimeControl "180+2"]
[Date "2023.01.17"]
[WhiteClock "0:00:01"]
[BlackClock "0:00:04"]

1. d4 Nf6 2. Bg5 c6 3. Bxf6 exf6 4. c4 g6 5. Nc3 Bg7 6. e3 O-O 7. g3 d6 8. Bg2 h5 9. Nge2 h4 10. gxh4 f5 11. h5 Qh4 12. hxg6 fxg6 13. Nf4 Qf6 14. h4 Re8 15. Qf3 Qxd4 16. Qg3 Qxc4 17. Qxg6 Qf7 18. Qxd6 Be5 19. Qg6+ Qxg6 20. Nxg6 f4 21. Nxe5 Rxe5 22. Ke2 Bg4+ 23. Bf3 Bxf3+ 24. Kxf3 fxe3 25. fxe3 Nd7 26. Rhg1+ Kh7 27. Rad1 Rf8+ 28. Ke2 Nb6 29. Rg5 Rfe8 30. Rxe5 Rxe5 31. Rd4 Kg6 32. Kf3 Re7 33. Rd6+ Kh5 34. Rd4 Nd7 35. Ne4 Ne5+ 36. Kg3 Nf7 37. Nf6+ Kg6 38. Ng4 c5 39. Rf4 Kg7 40. h5 Rd7 41. h6+ Nxh6 42. Nxh6 Kxh6 43. Rf6+ Kg7 44. Rf5 b6 45. Kf4 Rd2 46. Re5 Kf6 47. Rf5+ Ke6 48. Re5+ Kd6 49. a4 Rxb2 50. a5 bxa5 51. Re8 a4 52. Ra8 Rb7 53. Rd8+ Kc6 54. Rd3 c4 55. Rc3 Kc5 56. e4 Rb3 57. Rc1 a3 58. e5 Rb2 59. e6 Kd6 60. Kf5 Ke7 0-1


[Site "https://www.chess.com"]

[Event "Titled Tuesday Blitz January 17 Late 2023"]
[White "Balague Camps, Marc"]
[Black "Golubev, Mikhail"]
[WhiteFideId "2297914"]
[BlackFideId "14100983"]
[WhiteElo "2190"]
[BlackElo "2461"]
[Result "0-1"]
[Round "11"]
[TimeControl "180+2"]
[Date "2023.01.17"]
[WhiteClock "0:00:02"]
[BlackClock "0:00:19"]

1. d4 g6 2. c4 Bg7 3. Nc3 d6 4. Nf3 Nf6 5. e4 O-O 6. h3 Na6 7. Be3 e5 8. Be2 exd4 9. Nxd4 Re8 10. Qc2 Nc5 11. Bf3 Nfxe4 12. Nxe4 Nxe4 13. Bxe4 Qh4 14. Bd5 Rxe3+ 15. Ne2 Bf5 16. Qxf5 gxf5 17. g3 Rxe2+ 18. Kxe2 Qe7+ 19. Kf1 c6 20. Bf3 Bxb2 21. Rb1 Qf6 22. Kg2 Re8 23. Rhd1 Re7 24. a4 a5 25. Rd3 Be5 26. h4 f4 27. g4 Qg6 28. Rdb3 Qc2 29. Bd1 Qxc4 30. Rxb7 Rxb7 31. Rxb7 Qd5+ 32. Bf3 Qd2 33. Re7 Kf8 34. Rb7 Bd4 35. Rb8+ Kg7 36. h5 Qxf2+ 37. Kh3 Qg3# 0-1


[Site "https://www.chess.com"]

[Event "Titled Tuesday Blitz January 17 Late 2023"]
[White "Andrews, Todd"]
[Black "Moroni, Luca Jr"]
[WhiteFideId "2012456"]
[BlackFideId "865834"]
[WhiteElo "2220"]
[BlackElo "2535"]
[Result "0-1"]
[Round "11"]
[TimeControl "180+2"]
[Date "2023.01.17"]
[WhiteClock "0:00:13"]
[BlackClock "0:00:05"]

1. e4 g5 2. d4 Bg7 3. Nc3 h6 4. Be3 d6 5. Bc4 e6 6. Bb3 Ne7 7. h4 gxh4 8. Qh5 Ng6 9. Nf3 Nc6 10. O-O-O Qf6 11. Nb5 Qe7 12. Nxh4 Nxh4 13. Rxh4 a6 14. Nc3 Bd7 15. Rh3 O-O-O 16. Rg3 Rdg8 17. Kb1 Kb8 18. d5 Ne5 19. Bd4 Be8 20. f4 Ng6 21. Bxg7 Rxg7 22. Qf3 Qf6 23. dxe6 fxe6 24. Rf1 Rf8 25. Qe3 h5 26. f5 exf5 27. Rxf5 Qe7 28. a4 Rxf5 29. exf5 Qxe3 30. Rxe3 Ne5 31. Bd5 Bc6 32. f6 Rg6 33. f7 Rf6 34. Ka2 Bxd5+ 35. Nxd5 Rxf7 36. Rh3 c6 37. Ne3 Rh7 38. Nf5 d5 39. Ng3 Rg7 40. Rxh5 Nc4 41. Rh3 Ka7 42. b3 Ne3 43. Kb2 Nxg2 44. Nf5 Rf7 45. Nd4 Nf4 46. Rh6 c5 47. Ne6 Nxe6 48. Rxe6 a5 49. Rd6 Rf5 50. Kc3 Kb8 51. Kd3 Kc7 52. Rg6 Rf3+ 53. Kd2 Rf2+ 54. Kd3 Rf3+ 55. Kd2 c4 56. bxc4 dxc4 57. Rg4 c3+ 58. Ke2 Rh3 59. Rc4+ Kd6 60. Rd4+ Kc5 61. Rd3 Rxd3 62. Kxd3 Kb4 63. Kd4 b6 64. Kd3 Kxa4 65. Kxc3 Ka3 66. Kc4 Kb2 67. c3 Kc2 68. Kd4 Kb3 69. c4 a4 70. Kd5 a3 71. Kc6 Kxc4 72. Kxb6 a2 0-1


[Site "https://www.chess.com"]

[Event "Titled Tuesday Blitz January 17 Late 2023"]
[White "Malka, Samuel"]
[Black "Artemenko, Oleg"]
[WhiteFideId "20643675"]
[BlackFideId "14201798"]
[WhiteElo "2165"]
[BlackElo "2246"]
[Result "1-0"]
[Round "11"]
[TimeControl "180+2"]
[Date "2023.01.17"]
[WhiteClock "0:01:19"]
[BlackClock "0:00:14"]

1. d4 Nf6 2. c4 b6 3. Nc3 Bb7 4. Qc2 e6 5. e4 Bb4 6. Bd3 d5 7. cxd5 exd5 8. e5 Ne4 9. Ne2 Nxc3 10. bxc3 Be7 11. O-O Nd7 12. f4 c5 13. Be3 Qc7 14. Qd2 O-O-O 15. a4 a5 16. Rab1 Kb8 17. Rb2 Ka7 18. Rfb1 Rb8 19. Bf5 g6 20. Bxd7 Qxd7 21. Rxb6 Qxa4 22. dxc5 Bc6 23. Nd4 Bd7 24. Qb2 Bxc5 25. Rxb8 Bc8 26. Rxc8 Qd7 27. Rxc5 Rb8 28. Rxa5# 1-0


[Site "https://www.chess.com"]

[Event "Titled Tuesday Blitz January 17 Late 2023"]
[White "Skvortsov, Andrei"]
[Black "Perez Perez, Gabriel"]
[WhiteFideId "24108600"]
[BlackFideId "32089147"]
[WhiteElo "2313"]
[BlackElo "2185"]
[Result "1-0"]
[Round "11"]
[TimeControl "180+2"]
[Date "2023.01.17"]
[WhiteClock "0:01:03"]
[BlackClock "0:00:02"]

1. d4 f5 2. g3 Nf6 3. Bg2 g6 4. Nd2 d5 5. Ngf3 Bg7 6. Ne5 O-O 7. O-O c6 8. c4 Nbd7 9. cxd5 cxd5 10. Ndf3 Ne4 11. Nd3 e6 12. Be3 Qe7 13. Rc1 Nb6 14. b3 Bd7 15. Nfe5 Bb5 16. f3 Nf6 17. Nc5 Rfc8 18. a4 Be8 19. Qd2 a5 20. Bf2 Bc6 21. Rfe1 Ne8 22. Ned3 Nd6 23. Nf4 Bh6 24. Nxd5 Bxd2 25. Nxe7+ Kf7 26. Nxc8 Rxc8 27. Rc2 Bxe1 28. Bxe1 Ra8 29. e4 Ke7 30. Bd2 Nd7 31. Bg5+ Kf7 32. e5 Nxc5 33. Rxc5 Ne8 34. Bd2 Bd5 35. Rb5 Nc7 36. Rb6 Bc6 37. f4 Nd5 38. Bxd5 Bxd5 39. Kf2 Bc6 40. Ke3 Ke7 41. Kd3 Kd7 42. Kc4 Kc7 43. Kc5 Rd8 44. Bxa5 Rd5+ 45. Kb4 Rxd4+ 46. Kc3 Rd5 47. Rb5+ Kd7 48. Rxd5+ Bxd5 49. b4 Kc6 50. b5+ Kc5 51. Bb4+ Kb6 52. Kb2 Bf3 53. Ka3 Bd1 54. Bd6 1-0


[Site "https://www.chess.com"]

[Event "Titled Tuesday Blitz January 17 Late 2023"]
[White "Chor, Kevin"]
[Black "Kozin, Yuri"]
[WhiteFideId "2090740"]
[BlackFideId "4129920"]
[WhiteElo "1944"]
[BlackElo "2251"]
[Result "0-1"]
[Round "11"]
[TimeControl "180+2"]
[Date "2023.01.17"]
[WhiteClock "0:00:09"]
[BlackClock "0:00:16"]

1. e4 c5 2. Nf3 e6 3. d4 cxd4 4. Nxd4 a6 5. Nc3 Qc7 6. Bd3 Nc6 7. Nxc6 dxc6 8. O-O e5 9. Be3 Nf6 10. h3 Be7 11. f4 O-O 12. f5 b5 13. g4 h6 14. Qf3 Nh7 15. Ne2 Bh4 16. Rad1 b4 17. Bf2 Qe7 18. Ng3 a5 19. Nh5 Ba6 20. Bxa6 Rxa6 21. Qd3 Raa8 22. Qd6 Bxf2+ 23. Rxf2 Qh4 24. Qxe5 f6 25. Qc7 Rf7 26. Rd7 Raf8 27. Qxc6 Ng5 28. Nf4 Qg3+ 29. Kf1 Nxh3 30. Nxh3 Qxh3+ 31. Rg2 Qf3+ 32. Kg1 Rxd7 33. Qxd7 Qxe4 34. Qe6+ Qxe6 35. fxe6 Re8 36. Re2 Kh7 37. a3 Kg6 38. axb4 axb4 39. Re4 f5 40. gxf5+ Kxf5 41. Rxb4 Rxe6 42. Rb7 g5 43. Kf2 g4 44. Rb5+ Kf4 45. Rb4+ Kg5 46. Rb5+ Kh4 47. c4 h5 48. Rf5 Rb6 49. c5 Rxb2+ 50. Ke3 Rc2 51. Kd3 Rc1 52. Kd4 g3 53. Rf4+ Kh3 54. Rf5 h4 55. Kd5 g2 56. c6 g1=Q 57. Kd6 Qg3+ 58. Kd7 Qg4 59. Ke6 Rxc6+ 60. Kd7 Qxf5+ 61. Kxc6 Kg4 62. Kb6 Qe5 63. Kc6 Kf4 64. Kb6 Qd5 65. Ka6 Qb3 66. Ka7 Ke5 67. Ka8 Kd6 68. Ka7 Kc6 69. Ka8 Qb7# 0-1


[Site "https://www.chess.com"]

[Event "Titled Tuesday Blitz January 17 Late 2023"]
[White "Womacka, Mathias"]
[Black "Kavutskiy, Konstantin"]
[WhiteFideId "4611390"]
[BlackFideId "2026384"]
[WhiteElo "2396"]
[BlackElo "2414"]
[Result "1/2-1/2"]
[Round "11"]
[TimeControl "180+2"]
[Date "2023.01.17"]
[WhiteClock "0:00:20"]
[BlackClock "0:00:10"]

1. e4 Nc6 2. Nf3 d6 3. d4 Nf6 4. Nc3 g6 5. h3 Bg7 6. Be3 O-O 7. Qd2 e5 8. dxe5 dxe5 9. Qxd8 Rxd8 10. Bc4 Nd4 11. O-O-O Be6 12. Nxe5 Nxe4 13. Nxe4 Bxe5 14. Bxd4 Bxd4 15. Bxe6 fxe6 16. c3 Bg7 17. Nc5 Rf8 18. f3 b6 19. Nxe6 Rf7 20. Nxg7 Kxg7 21. Rhe1 Raf8 22. Kc2 h5 23. Rd4 a5 24. a4 Kh6 25. Rde4 Rf4 26. Rxf4 Rxf4 27. Re7 Rc4 28. b3 Rc6 29. c4 Kg5 30. g3 h4 31. f4+ Kf6 32. Re3 hxg3 33. Rxg3 Kf5 34. Rg4 Ke4 35. Kc3 Rf6 36. c5 Rc6 37. Rg5 Kxf4 38. h4 Rxc5+ 39. Rxc5 bxc5 40. Kc4 Kg4 41. Kxc5 Kxh4 42. b4 g5 43. bxa5 g4 44. a6 g3 45. a7 g2 46. a8=Q g1=Q+ 47. Kb5 Qb6+ 48. Kc4 Kg5 49. a5 Qb1 50. a6 Qc2+ 51. Kb5 Qb3+ 52. Kc5 Qc3+ 53. Kb5 Qb3+ 54. Kc5 Qc3+ 55. Kb5 Qb3+ 1/2-1/2


[Site "https://www.chess.com"]

[Event "Titled Tuesday Blitz January 17 Late 2023"]
[White "Hajiyev, Kanan"]
[Black "Olafsson, Helgi"]
[WhiteFideId "13404148"]
[BlackFideId "2300010"]
[WhiteElo "2197"]
[BlackElo "2491"]
[Result "1-0"]
[Round "11"]
[TimeControl "180+2"]
[Date "2023.01.17"]
[WhiteClock "0:00:33"]
[BlackClock "0:00:03"]

1. d4 Nf6 2. Nf3 g6 3. c4 Bg7 4. g3 c5 5. Bg2 cxd4 6. Nxd4 Qc7 7. b3 a6 8. Bb2 O-O 9. O-O Nc6 10. Nc3 d6 11. Rc1 Nxd4 12. Qxd4 Rb8 13. Rfd1 Qa5 14. a3 Qh5 15. Nd5 Re8 16. Bf3 Qh3 17. Nxe7+ Rxe7 18. Qxd6 Re8 19. Bxf6 Be6 20. Bxg7 Kxg7 21. b4 h5 22. c5 h4 23. Qd4+ Kg8 24. Qxh4 Qxh4 25. gxh4 1-0


[Site "https://www.chess.com"]

[Event "Titled Tuesday Blitz January 17 Late 2023"]
[White "Fernandez Garcia, Gumersindo"]
[Black "AidenRchess"]
[WhiteFideId "24516740"]
[WhiteElo "2160"]
[BlackElo "2443"]
[Result "1/2-1/2"]
[Round "11"]
[TimeControl "180+2"]
[Date "2023.01.17"]
[WhiteClock "0:00:16"]
[BlackClock "0:00:06"]

1. e4 c5 2. a3 Nc6 3. b4 d5 4. exd5 Qxd5 5. Nc3 Qe5+ 6. Be2 Nd4 7. bxc5 Bf5 8. d3 Qxc5 9. Bd2 Nf6 10. Nf3 e6 11. O-O Nxe2+ 12. Qxe2 Be7 13. Rab1 b6 14. d4 Qc7 15. Nb5 Qb7 16. Bb4 O-O 17. Nd6 Bxd6 18. Bxd6 Rfc8 19. Rbc1 Ne4 20. Bb4 a5 21. Be1 Qe7 22. a4 Qa3 23. g4 Qxc1 24. gxf5 exf5 25. Bxa5 Qxc2 26. Qxc2 Rxc2 27. Bxb6 Rxa4 28. d5 Ra6 29. Be3 Rd6 30. Nd4 Rc5 31. Nxf5 Rcxd5 32. Ne7+ Kf8 33. Nxd5 Rxd5 34. Ra1 f6 35. Ra7 h5 36. Kg2 Nd6 37. Rd7 g5 38. Kf1 h4 39. Bb6 Ke8 40. Rh7 Nf5 41. h3 Rb5 42. Ba7 Rb3 43. Kg2 Ne7 44. Bd4 Nd5 45. Rg7 Nf4+ 46. Kf1 Rxh3 47. Kg1 Ne2+ 48. Kg2 Nf4+ 49. Kg1 Rf3 50. Bxf6 Ne2+ 51. Kf1 Ng3+ 52. Kg2 Rxf6 53. fxg3 hxg3 54. Rxg5 Kf7 55. Rxg3 Rg6 56. Kf3 Rxg3+ 57. Kxg3 1/2-1/2


[Site "https://www.chess.com"]

[Event "Titled Tuesday Blitz January 17 Late 2023"]
[White "Kochetov, Andrey"]
[Black "Kostiukov, Alexandr"]
[WhiteFideId "24130532"]
[BlackFideId "14108100"]
[WhiteElo "2165"]
[BlackElo "2271"]
[Result "1-0"]
[Round "11"]
[TimeControl "180+2"]
[Date "2023.01.17"]
[WhiteClock "0:01:32"]
[BlackClock "0:00:16"]

1. e4 c5 2. Nf3 g6 3. d4 cxd4 4. Nxd4 Nf6 5. f3 Nc6 6. c4 Bg7 7. Be3 O-O 8. Nc3 Qb6 9. Qd2 Ng4 10. Nxc6 Nxe3 11. Nxe7+ Kh8 12. h4 Nxf1 13. Kxf1 Qc5 14. Ned5 Qxc4+ 15. Kf2 b5 16. h5 b4 17. Ne2 f5 18. hxg6 Re8 19. Rxh7+ Kg8 20. Rah1 Ba6 21. Rxg7+ Kxg7 22. Qh6+ 1-0


[Site "https://www.chess.com"]

[Event "Titled Tuesday Blitz January 17 Late 2023"]
[White "Karttunen, Mika"]
[Black "Hoffmann, Asa"]
[WhiteFideId "502081"]
[BlackFideId "2001470"]
[WhiteElo "2490"]
[BlackElo "2185"]
[Result "1-0"]
[Round "11"]
[TimeControl "180+2"]
[Date "2023.01.17"]
[WhiteClock "0:00:11"]
[BlackClock "0:01:23"]

1. d4 Nf6 2. c4 c5 3. d5 e5 4. Nc3 d6 5. Nf3 Be7 6. e4 Nbd7 7. Be2 Nf8 8. h4 h6 9. h5 N6h7 10. a3 a6 11. b4 b6 12. Rb1 Ng5 13. Nd2 Nfh7 14. Nf1 f5 15. exf5 Bxf5 16. Bd3 O-O 17. Bxf5 Rxf5 18. Ng3 Rf7 19. Qg4 Qc8 20. Qe2 Nf6 21. bxc5 bxc5 22. Bd2 Rb8 23. Bxg5 Rxb1+ 24. Nxb1 hxg5 25. h6 gxh6 26. Rxh6 Rh7 27. Rxh7 Nxh7 28. Nd2 Qf8 29. Nde4 Qf4 30. Kd1 Nf6 31. f3 g4 32. Nxf6+ Bxf6 33. Ne4 gxf3 34. Qxf3 Qxf3+ 35. gxf3 Be7 36. Ke2 Kf7 37. Kf2 Kg6 38. Kg3 Kf5 39. a4 a5 40. Nf2 Bf8 41. Ne4 Be7 42. Kg2 Kf4 43. Kf2 Bf8 44. Ke2 Be7 45. Nf2 Bf8 46. Nd3+ Kg3 47. Ke3 Bh6+ 48. Ke4 Bd2 49. Nb2 Bc3 50. Nd1 Bd4 51. Ne3 Bxe3 52. Kxe3 Kh4 53. f4 exf4+ 54. Kxf4 Kh5 55. Kf5 Kh6 56. Ke6 1-0


[Site "https://www.chess.com"]

[Event "Titled Tuesday Blitz January 17 Late 2023"]
[White "Estrada Nieto, Julian"]
[Black "ArchibaldCerveza29"]
[WhiteFideId "5101018"]
[WhiteElo "2215"]
[BlackElo "2547"]
[Result "1-0"]
[Round "11"]
[TimeControl "180+2"]
[Date "2023.01.17"]
[WhiteClock "0:00:12"]
[BlackClock "0:00:02"]

1. e4 e5 2. Nf3 Nc6 3. Bb5 g6 4. d4 exd4 5. Bg5 Be7 6. Bxe7 Qxe7 7. Bxc6 dxc6 8. Qxd4 Nf6 9. Nc3 Bg4 10. Qe3 O-O-O 11. O-O Rhe8 12. Qxa7 Bxf3 13. gxf3 Rd2 14. Rad1 Rd6 15. Qa8+ Kd7 16. Qxb7 Nh5 17. Rxd6+ Kxd6 18. Rd1+ Ke5 19. Qxc6 Nf4 20. Qb5+ c5 21. Kf1 Rc8 22. Nd5 Qh4 23. Nxf4 Kxf4 24. Qd7 Ra8 25. Qd6+ Kg5 26. Qe7+ Kh5 27. Rd5+ f5 28. Qxh7+ Kg5 29. Qe7+ Kh5 30. Qxh4+ Kxh4 31. exf5 gxf5 32. Rxf5 Rxa2 33. Rxc5 Ra1+ 34. Ke2 Ra4 35. b3 Ra1 36. b4 Rb1 37. b5 Rb2 38. Kd3 Rb1 39. c4 Rb2 40. Rc6 Rb1 41. Kd4 Rd1+ 42. Kc5 Rc1 43. b6 Rb1 44. Rc7 Rb2 45. b7 Re2 46. b8=Q Re5+ 47. Kd4 Rf5 48. Qd8+ Kh3 49. Rh7+ Kg2 50. Qg8+ Kh1 51. Rg7 Rf4+ 52. Kc5 Rf5+ 53. Kb4 Rxf3 54. Rg1+ Kxh2 55. Qg2# 1-0


[Site "https://www.chess.com"]

[Event "Titled Tuesday Blitz January 17 Late 2023"]
[White "Kalajzic, Ivan"]
[Black "Mendez Fortes, Eduardo Jesus"]
[WhiteFideId "14506378"]
[BlackFideId "3502376"]
[WhiteElo "2062"]
[BlackElo "2250"]
[Result "0-1"]
[Round "11"]
[TimeControl "180+2"]
[Date "2023.01.17"]
[WhiteClock "0:00:33"]
[BlackClock "0:01:36"]

1. b3 d5 2. Bb2 Nf6 3. e3 e6 4. Nf3 c5 5. Ne5 Bd6 6. f4 O-O 7. Be2 Nfd7 8. Nxd7 Nxd7 9. O-O e5 10. fxe5 Nxe5 11. Bf3 Be6 12. Nc3 Nxf3+ 13. Qxf3 Qg5 14. h3 Qe5 15. Nd1 Qh2+ 16. Kf2 f5 17. Nc3 f4 18. Rh1 fxe3+ 19. Ke2 Rxf3 20. Rxh2 Rf2+ 21. Kxe3 Raf8 22. Nd1 d4+ 23. Kd3 Bxh2 24. Nxf2 Rxf2 0-1


[Site "https://www.chess.com"]

[Event "Titled Tuesday Blitz January 17 Late 2023"]
[White "Petukhov, Dmitry"]
[Black "Slovineanu, Viacheslav"]
[WhiteFideId "4142748"]
[BlackFideId "13900510"]
[WhiteElo "2350"]
[BlackElo "2412"]
[Result "1-0"]
[Round "11"]
[TimeControl "180+2"]
[Date "2023.01.17"]
[WhiteClock "0:01:31"]
[BlackClock "0:00:55"]

1. e4 c6 2. d4 d5 3. Nd2 dxe4 4. Nxe4 Nf6 5. Nxf6+ exf6 6. c3 Bd6 7. Bd3 Na6 8. Qh5 Nc7 9. Ne2 g6 10. Qh4 h5 11. f4 f5 12. Qxd8+ Kxd8 13. c4 a5 14. Bd2 Re8 15. Kf2 Be6 16. Rhe1 a4 17. b3 Na6 18. c5 Be7 19. Ba5+ Kc8 20. bxa4 Nc7 21. Bxc7 Kxc7 22. Bc2 Bf6 23. Bb3 Rad8 24. Rad1 Bd5 25. Bxd5 Rxd5 26. Nc3 Rxe1 27. Nxd5+ cxd5 28. Kxe1 Kc6 29. Rd3 b6 30. cxb6 Kxb6 31. Rb3+ Ka5 32. Rb5+ Kxa4 33. Rxd5 Ka3 34. Rd7 Kxa2 35. d5 Kb3 36. Rxf7 1-0


[Site "https://www.chess.com"]

[Event "Titled Tuesday Blitz January 17 Late 2023"]
[White "TheKnightOfBosnia"]
[Black "Jorajuria Mendoza, Algol"]
[BlackFideId "5128897"]
[WhiteElo "2530"]
[BlackElo "2069"]
[Result "0-1"]
[Round "11"]
[TimeControl "180+2"]
[Date "2023.01.17"]
[WhiteClock "0:00:27"]
[BlackClock "0:00:05"]

1. e4 g6 2. d4 Bg7 3. Nf3 d6 4. h3 Nd7 5. Nbd2 b6 6. Bd3 Bb7 7. c3 c5 8. O-O Ngf6 9. Re1 O-O 10. a4 a6 11. Qe2 Qc7 12. e5 dxe5 13. dxe5 Nd5 14. e6 Nf4 15. exf7+ Rxf7 16. Qf1 Nxd3 17. Qxd3 Raf8 18. Re3 c4 19. Qxc4 Qxc4 20. Nxc4 Bxf3 21. gxf3 Bh6 22. Re6 Bxc1 23. Rxc1 Rxf3 24. Rxe7 Nc5 25. Rc2 Rxh3 26. Nxb6 Rf4 27. b4 Ne4 28. Nd5 Rf5 29. Ne3 Rg5+ 30. Kf1 Nf6 31. Re6 Nh5 32. Rxa6 Nf4 33. Ke1 Rh2 34. Rd6 Rg1+ 35. Nf1 Rxf1+ 36. Kd2 Rfxf2+ 37. Ke3 Rxc2 38. Kxf4 Rxc3 39. Rd4 Rh4+ 40. Ke5 Rxd4 41. Kxd4 Ra3 42. a5 h5 43. Kc5 h4 44. Kb6 h3 45. a6 h2 46. b5 h1=Q 47. Ka7 Qd5 48. b6 Qa5 49. b7 Qxa6+ 50. Kb8 Rb3 51. Kc7 Rxb7+ 52. Kd8 Qa8# 0-1


[Site "https://www.chess.com"]

[Event "Titled Tuesday Blitz January 17 Late 2023"]
[White "Pein, Jonathan"]
[Black "Torres Dominguez, David"]
[WhiteFideId "417092"]
[BlackFideId "2220857"]
[WhiteElo "2265"]
[BlackElo "1994"]
[Result "1-0"]
[Round "11"]
[TimeControl "180+2"]
[Date "2023.01.17"]
[WhiteClock "0:01:05"]
[BlackClock "0:00:03"]

1. e4 Nc6 2. Nf3 e5 3. Nc3 Nf6 4. d4 exd4 5. Nd5 Be7 6. Bf4 d6 7. Nxd4 Nxd4 8. Qxd4 Nxd5 9. exd5 O-O 10. Qd2 Bf5 11. O-O-O Bf6 12. f3 c6 13. g4 Bg6 14. h4 h5 15. g5 Be7 16. dxc6 bxc6 17. Bxd6 Bxd6 18. Qxd6 Qb6 19. Bc4 Qe3+ 20. Kb1 Qxf3 21. Qxg6 Qg4 22. Bb3 Rab8 23. Qxc6 Kh8 24. Qc4 Qg3 25. Qe2 g6 26. Qe1 Qg4 27. Rg1 Qc8 28. Qe5+ Kh7 29. Rgf1 Rb7 30. a3 a5 31. Qxa5 Rxb3 32. cxb3 Kg8 33. Qc3 Qb7 34. Rc1 Qe4+ 35. Ka2 Rb8 36. Qc4 Qe7 37. b4 Rb7 38. Qc8+ Kh7 39. Qc5 Qe6+ 40. Qc4 Qe7 41. Rce1 Qd7 42. Rd1 Rc7 43. Rxd7 1-0


[Site "https://www.chess.com"]

[Event "Titled Tuesday Blitz January 17 Late 2023"]
[White "Ibadov, Dashgyn"]
[Black "Chlpik, Martin"]
[WhiteFideId "24107514"]
[BlackFideId "14923351"]
[WhiteElo "2391"]
[BlackElo "2287"]
[Result "0-1"]
[Round "11"]
[TimeControl "180+2"]
[Date "2023.01.17"]
[WhiteClock "0:00:02"]
[BlackClock "0:00:20"]

1. e4 c5 2. Nc3 d6 3. d4 cxd4 4. Qxd4 a6 5. b3 Nc6 6. Qd2 Nf6 7. Bb2 e6 8. O-O-O Be7 9. f3 O-O 10. g4 Qa5 11. Kb1 Rd8 12. g5 Nh5 13. h4 Ng3 14. Rh2 Nxf1 15. Rxf1 d5 16. exd5 exd5 17. Re1 d4 18. Ne4 Bb4 19. Nf6+ gxf6 20. Qf4 Bxe1 21. gxf6 Qh5 22. Rg2+ Kh8 23. Ne2 Qxh4 24. Qc7 Be6 25. Bc1 Rac8 26. Qxb7 Na5 27. Qe7 d3 28. cxd3 Rd7 29. Qa3 Rdc7 30. Be3 Qh1 31. Rg1 Qxf3 32. Bh6 Qxd3+ 33. Ka1 Bc3+ 34. Nxc3 Qxc3+ 35. Qb2 Qxb2+ 36. Kxb2 Rg8 37. Bg7+ Rxg7 38. Rxg7 Bf5 39. b4 Nc4+ 40. Kb3 Bg6 41. a4 Nb6 42. b5 axb5 43. axb5 Nd5 44. Ka4 Nxf6 45. b6 Rb7 0-1


[Site "https://www.chess.com"]

[Event "Titled Tuesday Blitz January 17 Late 2023"]
[White "Radovanovic, Dusan"]
[Black "Chernomordik, Pavel"]
[WhiteFideId "926868"]
[BlackFideId "2804530"]
[WhiteElo "2311"]
[BlackElo "2150"]
[Result "0-1"]
[Round "11"]
[TimeControl "180+2"]
[Date "2023.01.17"]
[WhiteClock "0:00:21"]
[BlackClock "0:01:12"]

1. e4 g6 2. d4 Bg7 3. Nc3 d6 4. Be3 a6 5. g4 b5 6. Bg2 Bb7 7. h4 h6 8. g5 Nd7 9. h5 gxh5 10. Rxh5 hxg5 11. Rxg5 Bf6 12. Rg3 e6 13. Qg4 b4 14. Nce2 c5 15. O-O-O Qa5 16. Kb1 O-O-O 17. f4 Rh4 18. Qf3 cxd4 19. Nxd4 Nc5 20. Nb3 Nxb3 21. axb3 Ne7 22. Qf2 Qh5 23. e5 Qxd1+ 24. Ka2 dxe5 25. Bxb7+ Kxb7 26. fxe5 Bxe5 27. Rf3 Rd5 0-1


[Site "https://www.chess.com"]

[Event "Titled Tuesday Blitz January 17 Late 2023"]
[White "Forgacs, Attila Jr."]
[Black "Khandelwal, Ankush"]
[WhiteFideId "773654"]
[BlackFideId "413470"]
[WhiteElo "2264"]
[BlackElo "2205"]
[Result "0-1"]
[Round "11"]
[TimeControl "180+2"]
[Date "2023.01.17"]
[WhiteClock "0:01:17"]
[BlackClock "0:00:55"]

1. e4 c5 2. Nf3 d6 3. d4 cxd4 4. Nxd4 Nf6 5. Nc3 a6 6. f3 e5 7. Nb3 Be7 8. Be3 Be6 9. Qd2 h5 10. Be2 Nbd7 11. Nd5 Bxd5 12. exd5 Nb6 13. c4 Rc8 14. Rc1 O-O 15. O-O e4 16. f4 Ng4 17. Bxg4 hxg4 18. Nd4 Nxc4 19. Rxc4 Rxc4 20. Qe2 Qc8 21. f5 Bf6 22. Nb3 g3 23. Qg4 gxh2+ 24. Kh1 Re8 25. Qg3 Rc2 26. Bg5 Bxg5 27. Qxg5 f6 28. Qg6 e3 29. Nd4 e2 30. Re1 Rc1 31. Rxc1 Qxc1+ 32. Kxh2 Qh6+ 33. Qxh6 gxh6 34. Nxe2 Rxe2 35. Kg3 Rxb2 36. Kh4 Rxg2 37. Kh5 Kg7 38. a4 Rg5+ 39. Kh4 Rxf5 40. a5 Rxd5 41. Kg4 Rxa5 42. Kh4 Rg5 43. Kh3 a5 44. Kh4 a4 45. Kh3 a3 46. Kh4 a2 47. Kh3 a1=Q 48. Kh4 Qh1# 0-1


[Site "https://www.chess.com"]